 Dungeon Crawl Stone Soup version 0.24-a0-619-gb7544fd237 (webtiles) character file.

Game seed: 12977872490040023265, levelgen mode: deterministic

2998 Peloso the Carver (level 9, -2/79 HPs)
             Began as a Minotaur Fighter on Sept 17, 2019.
             Was a Follower of Okawaru.
             Killed from afar by an orc wizard (6 damage)
             ... with a magic dart
             ... on level 8 of the Dungeon.
             The game lasted 00:17:39 (7216 turns).

Peloso the Carver (Minotaur Fighter)                Turns: 7216, Time: 00:17:40

Health: -2/79      AC: 10    Str: 30    XL:     9   Next: 54%
Magic:  0/17       EV: 15    Int:  2    God:    Okawaru [*.....]
Gold:   564        SH: 14    Dex: 11    Spells: 8/8 levels left

rFire    . . .     SeeInvis .   a - +0 long sword
rCold    . . .     Gourm    .   c - +0 shield
rNeg     + . .     Faith    .   k - +0 ring mail of Ymoug {MP+9 Str+7 Int-3 Stlth+}
rPois    .         Spirit   +   y - +1 hat
rElec    .         Reflect  .   q - scarf {Spirit}
rCorr    .         Harm     .   C - -1 pair of gloves (curse)
MR       .....                  v - +0 pair of boots
Stlth    +++.......             (no amulet)
HPRegen  0.23/turn              e - ring of positive energy
MPRegen  0.15/turn              (no ring)

@: heroism
A: retaliatory headbutt, horns 2
a: Heroism, Renounce Religion


You were on level 8 of the Dungeon.
You worshipped Okawaru.
Okawaru was aware of your devotion.
You were not hungry.

You visited 2 branches of the dungeon, and saw 9 of its levels.

You collected 564 gold pieces.

Inventory:

Hand Weapons
 a - a +0 long sword (weapon)
Armour
 b - a +0 chain mail
 c - a +0 shield (worn)
 k - the +0 ring mail of Ymoug (worn) {MP+9 Str+7 Int-3 Stlth+}
   (You found it on level 5 of the Dungeon)

   It affects your strength (+7).
   It affects your intelligence (-3).
   It affects your magic capacity (+9).
   It makes you more stealthy.
 q - a scarf of spirit shield (worn)
 v - a +0 pair of boots (worn)
 y - a +1 hat (worn)
 C - a cursed -1 pair of gloves (worn)
Jewellery
 e - a ring of positive energy (left hand)
 i - a +3 ring of intelligence {unknown}
Wands
 o - a wand of iceblast (11)
 r - a wand of digging (4)
Scrolls
 g - 5 scrolls of teleportation
 h - 2 scrolls of remove curse
 j - 2 scrolls of identify
 m - 2 scrolls of amnesia
 s - a scroll of fog {unknown}
 t - a scroll of noise {unknown}
 A - a scroll of enchant armour {unknown}
 B - a scroll of fear {unknown}
Potions
 d - a potion of might
 l - 3 potions of haste
 n - a potion of agility {unknown}
 p - 3 potions of curing
 u - a potion of magic {unknown}
 w - a potion of cancellation {unknown}
 x - a potion of heal wounds {unknown}
 z - a potion of ambrosia {unknown}
Comestibles
 f - 19 rations


   Skills:
 + Level 7.1(12.1) Fighting
 + Level 9.2(14.2) Long Blades
 + Level 7.5(12.5) Armour
 + Level 4.5(9.5) Dodging
 + Level 1.2(6.2) Stealth
 + Level 8.7(13.7) Shields


You had 8 spell levels left.
You didn't know any spells.
Your spell library contained the following spells:

 Spells                   Type           Power        Failure   Level  Hunger
 Magic Dart               Conj           #...         69%         1    ##.....
 Blink                    Tloc           N/A          83%         2    ###....
 Call Imp                 Summ           #.......     83%         2    ###....
 Slow                     Hex            #.......     83%         2    ###....
 Conjure Flame            Conj/Fire      #.......     96%         3    ####...
 Mephitic Cloud           Conj/Pois/Air  #.......     96%         3    ####...


Dungeon Overview and Level Annotations

Branches:
Dungeon (8/15)             Temple (1/1) D:5
   Lair: D:8-11

Altars:
Ashenzari
Cheibriados
Dithmenos
Elyvilon
Fedhas
Gozag
Kikubaaqudgha
Makhleb
Nemelex Xobeh
Okawaru
Qazlal
Ru
Sif Muna
Trog
Uskayaw
Vehumet
Wu Jian
Xom
Yredelemnul
Zin
The Shining One

Shops:
D:4 :


Innate Abilities, Weirdness & Mutations

You reflexively headbutt those who attack you in melee.
You have a pair of horns on your head.


Message History

Something hits you but does no damage.
It was a potion of curing.
You feel better. The orc warrior barely misses you.
Something hits you but does no damage.
You gain the combat prowess of a mighty hero.
The orc warrior misses you. You block something's attack.
You closely miss the orc warrior. Your headbutt misses the orc warrior.
The orc warrior is lightly wounded.
The orc warrior hits you with a cursed +0 trident!
* * * LOW HITPOINT WARNING * * *
You hit the orc warrior but do no damage.
You headbutt the orc warrior!!
The orc warrior is severely wounded.
Something barely misses you. You block the orc warrior's attack.
You slash the orc warrior!
You kill the orc warrior!
Okawaru accepts your kill.
You hear some strange, mumbled words.
A magic dart appears from out of thin air!
The magic dart hits you.
You die...

................
#...?........#
#............#
#............#
#.....))...$.#
#....(.......#
#....(.......#
#...)(......(#
#..{@).......#
###..#########
#...#
##..##########
#...........#
#...........#
##..........#
#..........#
#..........#


There were no monsters in sight!

Vanquished Creatures
  A hungry ghost (D:7)
  Menkaure (D:7)
  3 orc warriors
  2 sky beasts
  2 black bears (D:6)
  2 necrophages
  3 ogres
  A phantom (D:7)
  3 centaurs
  3 bullfrogs
  A water moccasin skeleton (D:4)
  4 scorpions
  2 crimson imps
  2 jellies
  6 orc priests
  A centaur skeleton (D:4)
  An iguana (D:7)
  5 worker ants
  7 orc wizards
  A hound zombie (D:6)
  A hound skeleton (D:4)
  10 gnolls
  4 adders
  4 worms
  4 dart slugs
  2 leopard geckos (D:4)
  23 orcs
  2 ball pythons
  6 giant cockroaches
  6 goblins
  2 hobgoblins
  2 jackals (D:6)
  7 kobolds
  3 quokkas
  4 bats
  2 frilled lizards
  A leopard gecko skeleton (D:5)
  2 quokka skeletons
  A quokka zombie (D:5)
  8 rats
145 creatures vanquished.

Notes
Turn   | Place    | Note
-------+----------+-------------------------------------------
     0 | D:1      | Peloso the Minotaur Fighter began the quest for the Orb.
     0 | D:1      | Reached XP level 1. HP: 19/19 MP: 0/0
   149 | D:1      | Reached XP level 2. HP: 26/27 MP: 1/1
   605 | D:2      | Reached skill level 3 in Long Blades
   839 | D:2      | Reached XP level 3. HP: 26/33 MP: 2/2
  2009 | D:3      | Found a blossoming altar of Fedhas.
  2077 | D:3      | Reached XP level 4. HP: 40/40 MP: 3/3
  2127 | D:3      | Found an ancient bone altar of Kikubaaqudgha.
  2355 | D:4      | Reached skill level 4 in Long Blades
  2355 | D:4      | Reached XP level 5. HP: 39/46 MP: 2/4
  2398 | D:4      | Noticed an ogre
  2405 | D:4      | Killed an ogre
  2405 | D:4      | Reached skill level 1 in Dodging
  2405 | D:4      | Reached skill level 5 in Shields
  2425 | D:4      | Reached XP level 6. HP: 52/53 MP: 5/5
  2428 | D:4      | Reached skill level 5 in Long Blades
  2428 | D:4      | Reached skill level 5 in Armour
  2471 | D:4      | Reached skill level 5 in Fighting
  2548 | D:4      | Found Qeesesol's Book Boutique.
  2600 | D:4      | Reached XP level 7. HP: 59/61 MP: 6/6
  3072 | D:4      | Reached skill level 6 in Long Blades
  3641 | D:5      | Entered Level 5 of the Dungeon
  3886 | D:5      | Found a staircase to the Ecumenical Temple.
  3922 | Temple   | Entered the Ecumenical Temple
  4095 | D:5      | Reached XP level 8. HP: 47/69 MP: 5/7
  4105 | D:5      | Got a faintly glowing ring mail
  4116 | D:5      | Identified the +0 ring mail of Ymoug {MP+9 Str+7 Int-3
                  | Stlth+} (You found it on level 5 of the Dungeon)
  4267 | D:5      | Found a shadowy altar of Dithmenos.
  4381 | D:5      | Reached skill level 7 in Long Blades
  4595 | D:6      | Found a sacrificial altar of Ru.
  4961 | D:6      | Found a basalt altar of Yredelemnul.
  4961 | D:6      | You fall into a shaft and drop 1 floor!
  5315 | D:7      | Noticed Menkaure
  5323 | D:7      | Killed Menkaure
  5646 | D:7      | Reached skill level 8 in Long Blades
  6030 | D:7      | Reached XP level 9. HP: 78/78 MP: 8/8
  6090 | D:7      | Found a glowing silver altar of Zin.
  6090 | D:7      | Found an opulent altar of Gozag.
  6121 | D:7      | Found a sparkling altar of Nemelex Xobeh.
  6546 | D:6      | Found an iron altar of Okawaru.
  6554 | D:6      | Became a worshipper of Warmaster Okawaru
  6702 | D:6      | Found a bloodstained altar of Trog.
  6795 | D:6      | Reached skill level 1 in Stealth
  6799 | D:6      | Reached skill level 9 in Long Blades
  6801 | D:6      | Found an ornate altar of the Wu Jian Council.
  6942 | D:6      | Found a glowing golden altar of the Shining One.
  6944 | D:6      | Noticed an angel
  6959 | D:6      | Noticed a profane servitor
  7196 | D:8      | Reached * piety under Okawaru
  7210 | D:8      | HP: 3/78 [something/magic dart (1)]
  7216 | D:8      | Killed from afar by an orc wizard

Levels and vault maps discovered:
D:1:      evilmike_arrival_come_back, layout_rooms, corexii_leaking_fountain
D:2:      layout_basic, kennysheep_decorative_pillar
D:3:      layout_rooms, fedhas_altar_1, marbit_many_paths
D:4:      layout_cave_pods, serial_shops, nicolae_shop_statue_plus,
          minmay_pentomino_pile
D:5:      layout_loops_cross, old_standard_altar, minmay_temple_entry_slanted,
          first_ration
D:6:      layout_basic, grunt_temple_overflow_holy_war, trog_ov_bears_minmay,
          nicolae_overflow_crystal_walls, lemuel_doored_altar, okawaru_trees_2
D:7:      layout_layer_cave, grunt_temple_overflow_gold_and_silver,
          lemuel_round_altar, uniq_menkaure
D:8:      layout_basic
Temple:   nicolae_temple_figure_zero

Skill      XL: |  1  2  3  4  5  6  7  8  9 |
---------------+----------------------------+-----
Shields        | 4 5 6 7 8 |  8.7
Armour         | 4 5 6 7 |  7.5
Long Blades    | 3 4 5 6 8 9 |  9.2
Fighting       | 4 5 6 7 |  7.1
Dodging        | 1 3 4 |  4.5
Stealth        | 1 |  1.2

Action                   |  1- 3 |  4- 6 |  7- 9 || total
-------------------------+-------+-------+-------++-------
Melee: Long sword        |    93 |    75 |   304 ||   472
       Headbutt          |    12 |    19 |    78 ||   109
Invok: Heroism           |       |       |     1 ||     1
  Use: Scroll            |       |     2 |     5 ||     7
       Potion            |       |     1 |     1 ||     2
 Stab: Sleeping          |       |       |     1 ||     1
  Eat: Ration            |     1 |       |       ||     1
       Chunk             |       |     2 |    16 ||    18
Armor: Scale mail        |    49 |    10 |       ||    59
       Chain mail        |       |    29 |    66 ||    95
       Ring mail         |       |       |    66 ||    66
Dodge: Dodged            |    31 |    21 |   126 ||   178
Block: Shield            |    47 |    29 |   207 ||   283
       Rpst.: Long sword |     5 |     7 |    33 ||    45

Table legend:
 A = Non-vault XP
 B = Vault XP
 C = Vault XP percentage of total XP
 D = Non-vault monster count
 E = Vault monster count
 F = Vault count percentage of total count
                 A         B        C        D         E       F
            +---------+---------+-------+---------+---------+-------
      Total |    3848 |     435 |  10.2 |     138 |       7 |   4.8
            +---------+---------+-------+---------+---------+-------
        D:1 |      29 |       0 |   0.0 |      17 |       0 |   0.0
        D:2 |      23 |       0 |   0.0 |      10 |       0 |   0.0
        D:3 |      95 |       1 |   1.0 |      12 |       1 |   7.7
        D:4 |     826 |       4 |   0.5 |      35 |       3 |   7.9
        D:5 |     654 |       0 |   0.0 |      21 |       0 |   0.0
        D:6 |     906 |     247 |  21.4 |      22 |       2 |   8.3
        D:7 |     947 |     183 |  16.2 |      14 |       1 |   6.7
        D:8 |     368 |       0 |   0.0 |       7 |       0 |   0.0
            +---------+---------+-------+---------+---------+-------
